 Seeded DCSS version 0.29.1-1-gd02db6906a (webtiles) character file.

Game seed: 20221019 (custom seed)

116 jessy the Chopper (level 5, -6/53 HPs)
             Began as an Ogre Gladiator on Oct 19, 2022.
             Was a Believer of Makhleb.
             Mangled by a worm (10 damage)
             ... on level 3 of the Dungeon on Oct 20, 2022.
             The game lasted 00:14:29 (3590 turns).

jessy the Chopper (Ogre Gladiator)                  Turns: 3590, Time: 00:14:30

Health: -6/53      AC:  3    Str: 18    XL:     5   Next: 1%
Magic:  5/5        EV: 10    Int: 11    God:    Makhleb [**....]
Gold:   129        SH:  0    Dex: 10    Spells: 4/4 levels left

rFire   . . .      SeeInvis .   t - +0 broad axe
rCold   . . .      Faith    .   (no shield)
rNeg    . . .      Spirit   .   b - +0 robe
rPois   .          Reflect  .   c - +0 hat
rElec   .          Harm     .   (no cloak)
rCorr   .          Rampage  .   (gloves unavailable)
Will    .....                   (boots unavailable)
Stlth   +.........              (no amulet)
HPRegen 0.17/turn               (no ring)
MPRegen 0.09/turn               (no ring)

@: flying
A: large, unfitting armour, tough skin 1
a: Renounce Religion, Minor Destruction


You were on level 3 of the Dungeon.
You worshipped Makhleb.
Makhleb was pleased with you.
You visited 1 branch of the dungeon, and saw 3 of its levels.

You collected 129 gold pieces.

Inventory:

Hand Weapons
 a - a +0 war axe
 j - a +0 whip of electrocution
 n - a +0 mace
 t - a +0 broad axe (weapon)
Missiles
 d - 3 throwing nets
 e - a large rock (quivered)
 f - 26 stones
Armour
 b - a +0 robe (worn)
 c - a +0 hat (worn)
 l - a +0 ring mail
 o - a +0 leather armour
 r - a +0 scale mail
 v - a +0 chain mail
 w - a +0 pair of boots
 x - a +0 pair of gloves
Scrolls
 g - 4 scrolls of teleportation {unknown}
 h - 5 scrolls of identify {unknown}
 i - a scroll of blinking {unknown}
 q - a scroll of enchant weapon {unknown}
 s - a scroll of magic mapping {unknown}
Potions
 k - a potion of ambrosia {unknown}
 p - a potion of haste {unknown}


   Skills:
 + Level 3.6 Fighting
 + Level 4.3(4.4) Axes
 + Level 0.8(2.6) Maces & Flails
 + Level 2.2 Throwing
 + Level 3.2 Dodging
 + Level 0.3 Stealth


You had 4 spell levels left.
You didn't know any spells.
Your spell library contained the following spells:

 Spells                   Type           Power      Damage    Failure   Level
 Apportation              Tloc           0%         N/A       34%         1
 Necrotise                Necr           0%         1d4       34%         1
 Summon Small Mammal      Summ           0%         N/A       34%         1


Dungeon Overview and Level Annotations

Branches:
Dungeon (3/15)

Altars:
Makhleb


Innate Abilities, Weirdness & Mutations

You are too large for most types of armour.
You have tough skin. (AC +1)


Message History

* * * LOW HITPOINT WARNING * * *
You feel sick.
It was a potion of heal wounds.
You feel much better.
You feel sick.
You are no longer poisoned.
The adder bites you.
You are poisoned.
The adder poisons you! The adder bites you.
* * * LOW HITPOINT WARNING * * *
You are more poisoned.
The adder poisons you! The adder closely misses you.
You slash the adder!
You kill the adder!
Makhleb accepts your kill.
You feel better.
You miss the adder.
You feel very sick. The adder bites you but does no damage.
The adder bites you.
* * * LOW HITPOINT WARNING * * *
It was a potion of flight.
You feel very buoyant.
You fly up into the air.
You feel sick. The adder misses you.
You feel sick. The adder bites you.
* * * LOW HITPOINT WARNING * * *
The adder bites you but does no damage.
You miss the adder.
You feel sick. The adder bites you but does no damage.
You miss the adder.
You feel sick. The adder closely misses you. x2
You slash the adder!
You kill the adder!
Makhleb accepts your kill.
You feel better.
You feel sick.
You are no longer poisoned.
You have reached level 5!
You hit the worm but do no damage. The worm bites you.
* * * LOW HITPOINT WARNING * * *
You hit the worm.
The worm is moderately wounded.
The worm barely misses you.
You hit the worm.
The worm is moderately wounded.
The worm bites you!
You die...

.'....+ ..#####.# #.#
.#....# #.......###
#.### .#...>#
###.......## #....
.#...[# ##..##......##
#.###
.#............##.....#
#.#
.#....###..##...##.#.###
##.# .#....#
#........#....# #..#
.###### #...##....#...##
##.## ##
#......@..#....# #..#
#......w...#...###.##
#.....††#..#.......#
##.......#...#..#####
#..........#.#..#
...........#..#.#
..............#.#
...+....####..###
...####.# ##...


You could see a worm.

Vanquished Creatures
  Robin (D:2)
  3 adders
  A worm (D:2)
  2 dart slugs
  4 orcs (D:3)
  5 bats
  5 endoplasms
  2 giant cockroaches
  9 hobgoblins
  2 jackals (D:1)
  A quokka (D:2)
  8 ball pythons
  5 frilled lizards
  10 goblins
  4 kobolds
  4 rats (D:2)
  5 bushes (D:2)
71 creatures vanquished.

Vanquished Creatures (others)
  A goblin (D:3)
  2 fungi (D:3)
  8 plants (D:2)
11 creatures vanquished.

Grand Total: 82 creatures vanquished

Notes
Turn   | Place    | Note
-------+----------+-------------------------------------------
     0 | D:1      | jessy the Ogre Gladiator began the quest for the Orb.
     0 | D:1      | Reached XP level 1. HP: 22/22 MP: 1/1
   310 | D:1      | Reached XP level 2. HP: 29/29 MP: 2/2
   674 | D:1      | Reached XP level 3. HP: 34/36 MP: 3/3
   804 | D:1      | Found a faded altar of an unknown god.
   963 | D:1      | Prayed at the altar of an unknown god.
   963 | D:1      | Became a worshipper of Makhleb the Destroyer
   963 | D:1      | Reached * piety under Makhleb
  2342 | D:2      | Reached XP level 4. HP: 30/45 MP: 4/4
  2764 | D:3      | Noticed Robin
  2773 | D:2      | Killed Robin
  2774 | D:2      | Reached skill level 4 in Axes
  2969 | D:3      | Reached ** piety under Makhleb
  3577 | D:3      | HP: 2/46 [poisoned by an adder]
  3585 | D:3      | Reached XP level 5. HP: 5/53 MP: 5/5
  3590 | D:3      | Mangled by a worm

Illustrated notes

Levels and vault maps discovered:
D:1:      scummos_arrival_gate, layout_basic, basic_ecumenical_altar
D:2:      layout_basic, serial_forest, infiniplex_forest_clump_small,
          infiniplex_forest_lined_1, infiniplex_forest_clump_long,
          infiniplex_forest_straight_4, infiniplex_forest_pool,
          infiniplex_forest_lined_corner, infiniplex_forest_corner_1,
          minmay_tetromino_o2
D:3:      layout_basic, hangedman_decor_peaks_small, minmay_splitting_lines,
          nicolae_wormholes, uniq_natasha, uniq_robin, uniq_crazy_yiuf_cottage

Skill      XL: |  1  2  3  4 |
---------------+-------------+-----
Dodging        | 3 |  3.2
Fighting       | 3 |  3.6
Axes           | 4 |  4.3
Maces & Flails | |  0.8
Throwing       | |  2.2
Stealth        | |  0.3

Action                   |  1- 3 |  4- 6 || total
-------------------------+-------+-------++-------
Melee: War axe           |   148 |     3 ||   151
       Whip              |   156 |       ||   156
       Punch             |     3 |     1 ||     4
       Broad axe         |       |    54 ||    54
  Use: Potion            |       |     2 ||     2
 Stab: Sleeping          |     1 |       ||     1
Armor: Robe              |    60 |    24 ||    84
Dodge: Dodged            |    99 |    56 ||   155
